 Dungeon Crawl Stone Soup version 0.31-a0-728-g01b46875f1 (webtiles) character file.

Game seed: 10752490758007893955

530 SmokeWeed the Skirmisher (level 7, -3/31 (40) HPs)
             Began as a Deep Elf Hunter on Sept 12, 2023.
             Slain by a sky beast (5 damage)
             ... on level 7 of the Dungeon.
             The game lasted 00:10:15 (3079 turns).

SmokeWeed the Skirmisher (Deep Elf Hunter)          Turns: 3079, Time: 00:10:16

HP:   -3/31 (40)    AC:  7    Str:  8    XL:     7   Next: 3%
MP:   9/9           EV:  9    Int: 14    God:
Gold: 260           SH:  0    Dex: 20    Spells: 6/6 levels left

rFire   . . .        a - +1 shortbow
rCold   . . .        (shield currently unavailable)
rNeg    . . .        w - +0 scale mail
rPois   .            d - +0 helmet
rElec   .            x - scarf {+Inv}
rCorr   .            (no gloves)
SInv    .            (no boots)
Will    .....        (no amulet)
Stlth   +            (no ring)
HPRegen 0.25/turn    (no ring)
MPRegen 0.11/turn

%: no passive effects
@: very slightly contaminated, heavily drained, invisible
A: no striking features
a: Evoke Invisibility


You were on level 7 of the Dungeon.
You visited 1 branch of the dungeon, and saw 5 of its levels.

You collected 260 gold pieces.

Inventory:

Hand Weapons
 a - a +1 shortbow (weapon)
 g - a +1 mace of draining
 q - a +1 long sword of holy wrath
Missiles
 s - 5 silver javelins
Armour
 c - a +0 leather armour
 d - a +0 helmet (worn)
 r - a +0 ring mail
 w - a +0 scale mail (worn)
 x - a scarf of invisibility (worn)
Jewellery
 p - a ring of ice
Wands
 A - a wand of iceblast (11)
Scrolls
 b - a scroll of butterflies
 f - 3 scrolls of vulnerability
 i - 2 scrolls of amnesia {unknown}
 o - a scroll of fog
 t - a scroll of blinking
 v - a scroll of brand weapon {unknown}
 y - a scroll of teleportation
Potions
 e - 3 potions of curing
 h - 2 potions of lignification {unknown}
 j - 2 potions of might {unknown}
 k - a potion of cancellation {unknown}
 l - a potion of magic {unknown}
 m - a potion of haste {unknown}
 n - a potion of degeneration {unknown}
 u - a potion of enlightenment {unknown}
 z - a potion of berserk rage {unknown}


   Skills:
 + Level 2.9 Fighting
 + Level 9.6 Ranged Weapons
 + Level 1.5 Armour
 + Level 2.9 Dodging
 + Level 1.6 Stealth
 + Level 0.4 Evocations


You had 6 spell levels left.
You didn't know any spells.
Your spell library contained the following spells:

 Spells                   Type           Power      Damage    Failure   Level
 Freeze                   Ice            0%         1d3       95%         1
 Slow                     Hex            0%         N/A       95%         1
 Confusing Touch          Hex            0%         N/A       100%        3
 Frozen Ramparts          Ice            0%         1d1       100%        3
 Hailstorm                Conj/Ice       0%         3d3       100%        3
 Sigil of Binding         Hex            0%         N/A       100%        3
 Tukima's Dance           Hex            0%         N/A       100%        3
 Vampiric Draining        Necr           0%         2d6       100%        3
 Dimensional Bullseye     Hex/Tloc       0%         N/A       100%        4
 Iskenderun's Mystic Bla  Conj/Tloc      0%         2d3       100%        4


Dungeon Overview and Level Annotations

Branches:
Dungeon (4/15)
 Temple: D:4-7

Altars:
Cheibriados
Fedhas
Sif Muna


Message History

The ufetubus hits you but does no damage.
You shoot an arrow. The arrow hits the ufetubus!
You kill the ufetubus!
No target in view!
Found a morningstar.
A sky beast comes into view.
You shoot an arrow. The arrow hits the sky beast.
The sky beast is lightly wounded.
You shoot an arrow. The arrow hits the sky beast.
The sky beast is moderately wounded.
You shoot an arrow. The arrow misses the sky beast.
You shoot an arrow.
The arrow hits the sky beast but does no damage.
The sky beast is moderately wounded.
The sky beast flickers out of sight!
Deactivating autopickup; reactivate with Ctrl-A.
Something hits you. Something shocks you.
You feel drained.
You fail to use your ability.
Something hits you. Something shocks you.
You feel drained.
You fade into invisibility!
You are very lightly contaminated with residual magic.
Something hits you. Something shocks you.
Fire: a) +1 shortbow
Press: ? - help, Q - select action, (/) - cycle Shift-Dir - straight line You shoot an arrow.
Something hits you. Something shocks you.
Fire: a) +1 shortbow
Press: ? - help, Q - select action, (/) - cycle Shift-Dir - straight line You shoot an arrow.
Something hits you.
* * * LOW HITPOINT WARNING * * *
Something shocks you.
* * * LOW HITPOINT WARNING * * *
A sky beast appears from thin air!
Reactivating autopickup.
The sky beast hits you.
* * * LOW HITPOINT WARNING * * *
The sky beast shocks you.
You die...

..# ##.#.##
..#####
#..#..#
..#...##
##.###.##
..#....###..#
#..###
..'.####...##
##...####
#####....###
###....#####.#
......####
####.......#
#####....#
###....#######
....####...#
#@..#### .....
#..# #.Y###
...... .# #.##
..)... ...
#.#### ...#
§§# #.). §#
#... ##.#


You could see a sky beast (unable to see you).

Vanquished Creatures
  A sky beast (D:7)
  An ogre (D:4)
  A bullfrog (D:7)
  2 orc priests (D:3)
  3 orc wizards (D:3)
  3 gnolls (D:3)
  3 adders
  An ufetubus (D:7)
  2 worms
  2 dart slugs (D:3)
  5 orcs
  11 ball pythons
  4 endoplasms
  4 giant cockroaches
  6 goblins
  12 hobgoblins
  10 jackals
  3 kobolds
  2 quokkas
  6 bats
  A frilled lizard (D:1)
  8 rats
91 creatures vanquished.

Notes
Turn   | Place    | Note
-------+----------+-------------------------------------------
     0 | D:1      | SmokeWeed the Deep Elf Hunter began the quest for the Orb.
     0 | D:1      | Reached XP level 1. HP: 12/12 MP: 3/3
    83 | D:1      | Reached XP level 2. HP: 16/16 MP: 4/4
   152 | D:1      | Reached skill level 6 in Ranged Weapons
   336 | D:1      | Reached XP level 3. HP: 21/21 MP: 5/5
  1123 | D:2      | Reached XP level 4. HP: 26/26 MP: 6/6
  1540 | D:3      | Reached skill level 7 in Ranged Weapons
  1666 | D:3      | Reached XP level 5. HP: 27/30 MP: 7/7
  1691 | D:3      | Found a faded altar of an unknown god.
  2004 | D:3      | Reached skill level 8 in Ranged Weapons
  2011 | D:3      | Found a snail-covered altar of Cheibriados.
  2376 | D:3      | Reached skill level 1 in Armour
  2384 | D:3      | Found a shimmering blue altar of Sif Muna.
  2465 | D:3      | Reached XP level 6. HP: 35/36 MP: 8/8
  2781 | D:4      | Reached skill level 9 in Ranged Weapons
  2799 | D:4      | Found a blossoming altar of Fedhas.
  2843 | D:4      | You fall into a shaft and drop 3 floors!
  2885 | D:7      | Noticed a sky beast
  2903 | D:7      | Killed a sky beast
  2904 | D:7      | Reached XP level 7. HP: 16/40 MP: 9/9
  3079 | D:7      | Slain by a sky beast

Illustrated notes

Levels and vault maps discovered:
D:1:      saegor_arrival_simple_d, layout_basic, corexii_leaking_fountain,
          minmay_tiny_reverse_x
D:2:      layout_basic
D:3:      layout_loops_ring, kennysheep_orc_sif_temple, slow_altar_2,
          ebering_ecumenical_altar_webs, kennysheep_nondescript
D:4:      layout_rooms, mainiacjoe_overflow_alcove_2
D:7:      minmay_general_purpose_star, layout_gridville,
          mainiacjoe_overflow_tiny_flanked, kb_xom_exploding_sheep,
          grunt_dithmenos_smoke_and_mirrors, marbit_many_paths,
          minmay_temple_entry_hall, uniq_maggie

Skill      XL: |  1  2  3  4  5  6 |
---------------+-------------------+-----
Ranged Weapons | 6 7 8 9 |  9.6
Fighting       | 2 |  2.9
Armour         | 1 |  1.5
Dodging        | |  2.9
Stealth        | |  1.6
Evocations     | |  0.4

Action                     |  1- 3 |  4- 6 |  7- 9 || total
---------------------------+-------+-------+-------++-------
   Fire: Shortbow          |    99 |   140 |     8 ||   247
Ability: Evoke Invisibilit |       |     2 |     1 ||     3
    Use: Scroll            |       |     6 |       ||     6
 Armour: Leather armour    |    12 |       |       ||    12
         Ring mail         |       |    21 |       ||    21
         Scale mail        |       |    37 |     8 ||    45
  Dodge: Dodged            |    14 |    19 |     2 ||    35

Table legend: (Time is in decaauts)
 A = Elapsed time spent in this place.
 B = Non-inter-level travel time spent in this place.
 C = Inter-level travel time spent in this place.
 D = Time resting spent in this place.
 E = Time spent auto-exploring this place.
 F = Levels seen in this place.
 G = Mean time per level.
                   A        B        C        D        E       F      G
               +--------+--------+--------+--------+--------+-----+--------+
         Total |   3132 |   3084 |     48 |    130 |   2331 |   5 |  626.4 |
       Dungeon |   3132 |   3084 |     48 |    130 |   2331 |   5 |  626.4 |
               +--------+--------+--------+--------+--------+-----+--------+

Top non-repeatable levels by time:
     D:3: 1147 daAuts
     D:2: 791 daAuts
     D:1: 603 daAuts
     D:4: 347 daAuts
     D:7: 242 daAuts
